 Dungeon Crawl Stone Soup version 0.17-a0-1132-g5dd4065 (webtiles) character file.

193496 Chiseanne the Spry (level 17, 0/134 HPs)
             Began as a Grey Draconian Wanderer on May 24, 2015.
             Was an Initiate of Gozag.
             Slain by a vault warden
             ... wielding a +0 halberd of flaming
              (42 damage)
             ... on level 2 of the Vaults on May 25, 2015.
             The game lasted 02:28:46 (40219 turns).

Chiseanne the Spry (Grey Draconian Wanderer)       Turns: 40219, Time: 02:28:46

Health: 0/134      AC: 27    Str: 20    XL:     17   Next: 64%
Magic:  34/34      EV: 22    Int: 11    God:    Gozag
Gold:   5165       SH: 20    Dex: 15    Spells: 4 memorised, 18 levels left

rFire  + . .     SeeInvis .     a - +10 morningstar of Balance {flame, rPois}
rCold  + . .     Clarity  .     (armour unavailable)
rNeg   + + .     SustAt   .     D - +0 large shield of Failure {rPois rN+ MP+9 Int-5} (curse)
rPois  +         Gourm    .     l - +2 hat {Int+3}
rElec  .         Spirit   .     P - +1 cloak
rCorr  .         Warding  +     K - +1 pair of gloves {Str+3}
rMut   .         Stasis   .     n - +1 pair of boots {rC+}
MR     +....                    g - amulet of warding
Stlth  ++........               f - +5 ring of protection
                                I - ring of protection from fire

@: somewhat resistant to hostile enchantments, unstealthy
A: walk through water, unfitting armour, antennae 1, blink 1, unbreathing,
cold-blooded, AC +14
a: Blink, Potion Petition, Call Merchant, Bribe Branch, Renounce Religion
}: 1/15 runes: abyssal


You were on level 2 of the Vaults.
You worshipped Gozag.
Gozag was noncommittal.
You were not hungry.

You visited 4 branches of the dungeon, and saw 29 of its levels.
You visited the Abyss 1 time.
You visited 1 bazaar.
You also visited: Labyrinth and Ice Cave.

You collected 12298 gold pieces.
You spent 6577 gold pieces at shops.
You paid 556 gold pieces to Gozag.

Inventory:

Hand weapons
 a - the +10 morningstar of Balance (weapon) {flame, rPois}
   (You bought it in a shop on level 8 of the Dungeon)

   It has been specially enchanted to burn those struck by it, causing extra
   injury to most foes and up to half again as much damage against particularly
   susceptible opponents.
   It protects you from poison.
 d - the +9 trident "Punijino" {freeze, MR+ SInv}
   (You bought it in a shop on level 4 of the Orcish Mines)

   It has been specially enchanted to freeze those struck by it, causing extra
   injury to most foes and up to half again as much damage against particularly
   susceptible opponents.
   It can also slow down cold-blooded creatures.
   It affects your resistance to hostile enchantments.
   It lets you see invisible.
 q - a +0 blowgun
 s - a +4 war axe of electrocution
 w - the +7 hand crossbow of Floods {penet, +Blink rElec Int+4}
   (You found it in a labyrinth)

   Ammo fired by it will pass through the targets it hits, potentially hitting
   all targets in its path until it reaches maximum range.
   It affects your intelligence (+4).
   It insulates you from electricity.
   It lets you blink.
Missiles
 h - 24 silver bolts
 k - 50 poisoned needles
 F - 272 bolts
 M - 13 poisoned bolts
 Q - 54 bolts of flame
 T - 15 bolts of frost
 Z - 24 steel bolts
Armour
 l - a +2 hat of intelligence (worn)
 n - a +1 pair of boots of cold resistance (worn)
 D - the cursed +0 large shield of Failure (worn) {rPois rN+ MP+9 Int-5}
   (You bought it in a shop on level 4 of the Orcish Mines)

   It affects your intelligence (-5).
   It protects you from poison.
   It protects you from negative energy.
   It affects your magic capacity (+9).
   It has a curse placed upon it.
 K - a +1 pair of gloves of strength (worn)
 P - a +1 cloak (worn)
Rods
 m - a +2 iron rod (12/12)
   (You bought it in a shop on level 4 of the Orcish Mines)
 o - a +3 lightning rod (12/12)
   (You bought it in a shop on level 4 of the Orcish Mines)
 A - a +5 rod of destruction (2/14)
   (You found it in a labyrinth)
Jewellery
 f - a +5 ring of protection (right hand)
 g - an amulet of warding (around neck)
 G - an uncursed ring of teleportation
 I - a ring of protection from fire (left hand)
 J - an uncursed ring of flight
Magical devices
 b - a wand of fire (8)
 e - a wand of digging (10)
 v - a wand of heal wounds (2)
 y - a wand of paralysis (7)
 L - a wand of cold (7)
 U - a wand of heal wounds (4)
 Y - a wand of fire (5)
Scrolls
 i - 7 scrolls of blinking
 j - 3 scrolls of fear
 x - a scroll of fog
 B - 5 scrolls of remove curse
 E - 2 scrolls of recharging
 H - a scroll of summoning {unknown}
 N - 3 scrolls of immolation
 V - a scroll of teleportation
Potions
 c - 9 potions of curing
 r - 2 potions of heal wounds
 t - 2 potions of flight
 z - 2 potions of resistance
 C - 5 potions of cancellation
 S - a potion of invisibility
 W - 5 potions of haste
 X - 3 potions of might
Miscellaneous
 p - a lamp of fire (inert)
 O - a sack of spiders
 R - a phial of floods (inert)
Comestibles
 u - 12 meat rations


   Skills:
 * Level 7.9 Fighting
   Level 2.0 Long Blades
 - Level 2.0(9.0) Axes
 * Level 13.2(13.3) Maces & Flails
 * Level 18.1 Dodging
 - Level 1.7 Stealth
 * Level 14.7 Shields
 - Level 5.5 Spellcasting
 - Level 10.0 Evocations


You had 18 spell levels left.
You knew the following spells:

 Your Spells              Type           Power        Failure   Level  Hunger
a - Repel Missiles        Chrm/Air       #.....       95%         2    ##.....
b - Ozocubu's Armour      Chrm/Ice       #.......     99%         3    ###....
c - Swiftness             Chrm/Air       #.......     95%         2    ##.....
d - Cure Poison           Pois           #.........   95%         2    ##.....


Dungeon Overview and Level Annotations

Branches:
Dungeon (15/15)            Temple (0/1) D:7            Lair (8/8) D:9
  Swamp (0/4) Lair:3        Snake (0/4) Lair:3        Slime (0/6) Lair:8
    Orc (4/4) D:9             Elf (0/3) Orc:4        Vaults (2/5) D:14
 Depths (0/5) D:15
  Crypt: Vaults:2-3

Altars:
Dithmenos
Gozag
Ru
Xom
Yredelemnul
Zin
Beogh

Shops:
D:8 (   D:13 [   D:15 (   Orc:1 }   Orc:4 *}([

Annotations:
D:2 Sigmund
D:4 Monkaria's ghost, average DsCK
D:14 3 runed doors, exclusion: orange crystal statue


Innate Abilities, Weirdness & Mutations

You can walk through water.
Your dull iron-grey scales are very hard (AC +14).
Your body does not fit into most forms of armour.
You can survive without breathing.
You are cold-blooded and may be slowed by cold attacks.
You have a pair of small antennae on your head.
You can translocate small distances at will.


Message History

You kill the ironheart preserver!
You hear a splash. x2
You hear a shout! x7
You hear an angry buzzing noise.
The vault warden is engulfed in roaring flames.
The vault warden splashes around in the water.
Wield which item (- for none, * to show all)? (? for menu, Esc to quit)
It bursts into flame!
a - the +10 morningstar of Balance (weapon)
{flame, rPois} The vault guard is no longer distracted by gold.
You block the griffon's attack. x2
The griffon claws you but does no damage.
You sock the griffon! You burn the griffon.
You kill the griffon!
The cyan ugly thing basks in the mutagenic energy from its kin and changes!
The cyan very ugly thing is distracted by the nearby gold.
The vault warden is engulfed in roaring flames.
The vault warden hits you from afar with a halberd of flaming!!!
You die...
Your body crumbles into a pile of gold.

§§. ... .§.. .... #.§.##
##...# #.§§..###.....#
#§.§§....u..# #§§§≈§≈...#
#{p$u.#
###########u###############+
.........≈≈@E...............
.........≈.≈................
............................
.......)....................
............................
............................
............................
............................
............................


You could see a cyan very ugly thing (unaware), a vault warden, 2 ugly things
and a friendly water elemental.

Vanquished Creatures
  Kirke (D:14)
  A tentacled starspawn (Abyss:5)
  Wiglaf (Vaults:1)
  An orc warlord (Orc:4)
  A vault warden (Vaults:1)
  6 ironheart preservers
  Nessos (Lair:5)
  Azrael (D:15)
  A minotaur (Lab)
  Josephine (Orc:3)
  5 vault guards
  3 fire dragons
  2 yaktaur captains
  8 hydras
  A great orb of eyes (Vaults:1)
  A rakshasa (Vaults:1)
  5 centaur warriors
  A catoblepas (Lair:4)
  A salamander stormcaller (D:14)
  4 ogre magi
  10 death yaks
  A deep troll shaman (Vaults:1)
  The ghost of Monkaria the Martial Artist, an experienced DsCK of Xom (D:9)
  5 tengu warriors
  An orc high priest (Orc:4)
  A storm dragon zombie (D:15)
  4 wretched stars (Abyss:5)
  An ice devil (IceCv)
  5 skeletal warriors
  2 deep trolls (Vaults:1)
  A flayed ghost (D:15)
  3 wizards
  A necromancer (D:15)
  A fire crab (Vaults:1)
  2 unseen horrors
  4 ironbrand convokers
  2 ice statues (IceCv)
  5 harpies (Vaults:1)
  A tengu zombie (D:15)
  7 hill giants
  2 wolf spiders
  2 hornets (Vaults:1)
  A wolf spider zombie (D:15)
  2 griffons
  3 orc sorcerers (Orc:4)
  12 ugly things
  6 orc knights
  A lindwurm (Lair:8)
  3 cyclopes
  9 elephants
  2 gargoyles
  10 black mambas
  28 spiny frogs
  6 torpor snails (Lair:8)
  A guardian serpent (Lair:8)
  3 vault sentinels
  9 komodo dragons
  A molten gargoyle (Lair:8)
  A yaktaur zombie (D:15)
  2 fire drakes
  5 yaktaurs
  3 tengu conjurers (D:14)
  20 blink frogs
  8 blue devils (IceCv)
  A boulder beetle (Vaults:1)
  3 giant leeches (Lair:8)
  Prince Ribbit (D:5)
  3 trolls
  5 two-headed ogres
  An ettin zombie (D:15)
  13 ravens
  A queen bee (Abyss:5)
  9 slime creatures
  A large abomination (Abyss:5)
  5 shadows
  A trapdoor spider (Vaults:1)
  3 hogs (D:14)
  A human (D:14)
  22 yaks
  A vampire (D:13)
  2 deep elf fighters (Vaults:1)
  3 fire elementals (D:15)
  10 wyverns
  11 basilisks
  12 vampire mosquitoes
  5 wraiths
  A deep elf mage (D:14)
  12 hippogriffs
  A steam dragon (Lair:5)
  A mottled dragon (D:11)
  Menkaure (D:8)
  4 hungry ghosts
  4 wargs
  Edmund (D:7)
  A human simulacrum (Vaults:2)
  A soldier ant (D:10)
  16 wolves
  17 porcupines
  3 hell hounds (D:15)
  4 phantoms
  3 sky beasts
  26 water moccasins
  4 black bears
  7 wasps
  42 orc warriors
  10 ice beasts
  A tengu (shapeshifter) (D:15)
  A necrophage (D:7)
  3 spiders (Lair:8)
  10 centaurs
  20 ogres
  A big kobold (D:11)
  Blork the orc (D:4)
  5 brain worms
  16 crocodiles
  17 giant frogs
  A water moccasin skeleton (D:8)
  11 killer bees
  3 scorpions
  7 wights (D:14)
  A quasit (D:7)
  7 crimson imps
  4 giant frog zombies
  A lava snake (Lair:8)
  2 centaur zombies
  16 jellies
  26 orc wizards
  4 centaur skeletons
  33 orc priests
  14 worker ants
  Jessica (D:3)
  A giant frog skeleton (D:10)
  6 hounds
  7 iguanas
  33 sheep
  3 hound zombies
  A worker ant zombie (D:9)
  Robin (D:3)
  7 gnolls
  44 river rats
  11 adders
  3 shadow imps
  20 white imps
  6 ufetubi (IceCv)
  7 oozes
  18 worms
  An adder skeleton (D:6)
  5 giant geckos
  210 orcs
  A bat skeleton (D:8)
  6 giant cockroaches
  22 goblins
  21 hobgoblins
  13 jackals
  17 kobolds
  7 quokkas
  16 bats
  7 giant newts
  A quokka skeleton (D:9)
  16 rats
  9 fungi
  21 plants
  A starspawn tentacle (Abyss:5)
1265 creatures vanquished.

Vanquished Creatures (collateral kills)
  An orc knight (D:14)
  2 elephants (Lair:4)
  A blink frog (Lair:8)
  A hippogriff (Lair:1)
  A giant frog (Lair:1)
6 creatures vanquished.

Vanquished Creatures (others)
  2 yaktaur captains (Vaults:1)
  An unseen horror (Vaults:1)
  An orc knight (Vaults:1)
  A torpor snail (Lair:8)
  4 yaktaurs (Vaults:1)
  2 boulder beetles (Vaults:1)
  3 orc warriors (Vaults:1)
  A killer bee (Abyss:5)
  3 ufetubi (IceCv)
  An orc (Orc:4)
  9 fungi
  9 plants
  A starspawn tentacle (Abyss:5)
  35 starspawn tentacle segments (Abyss:5)
73 creatures vanquished.

Grand Total: 1344 creatures vanquished

Notes
Turn   | Place    | Note
--------------------------------------------------------------
     0 | D:1      | Chiseanne the Draconian Wanderer began the quest for the Orb.
     0 | D:1      | Chiseanne set off with: a +2 falchion, a potion of lignification, a potion of curing, a +0 dagger, a bread ration
     0 | D:1      | Reached XP level 1. HP: 17/17 MP: 2/2
   398 | D:1      | Reached XP level 2. HP: 16/25 MP: 3/3
   515 | D:1      | Reached skill level 1 in Dodging
   984 | D:1      | Reached skill level 3 in Fighting
  1084 | D:2      | Noticed Sigmund
  1194 | D:2      | Reached XP level 3. HP: 23/31 MP: 4/4
  1567 | D:1      | Reached XP level 4. HP: 12/39 MP: 5/5
  2302 | D:2      | Reached skill level 4 in Fighting
  2511 | D:3      | Noticed Jessica
  2513 | D:3      | Noticed Robin
  2535 | D:3      | Killed Jessica
  2535 | D:3      | Reached XP level 5. HP: 8/46 MP: 6/6
  2576 | D:3      | Killed Robin
  3111 | D:3      | Found a glowing silver altar of Zin.
  3114 | D:3      | Found a shimmering altar of Xom.
  3115 | D:3      | Found a basalt altar of Yredelemnul.
  3366 | D:4      | Noticed Blork the orc
  3383 | D:4      | Killed Blork the orc
  3383 | D:4      | Reached XP level 6. HP: 46/53 MP: 7/7
  3436 | D:4      | Noticed Monkaria's ghost (average DsCK)
  3449 | D:4      | Paralysed by Monkaria's ghost for 5 turns
  3456 | D:5      | Entered Level 5 of the Dungeon
  3753 | D:5      | Noticed Prince Ribbit
  3906 | D:5      | Reached skill level 1 in Shields
  3919 | D:5      | Killed Prince Ribbit
  3919 | D:5      | Reached skill level 5 in Dodging
  3919 | D:5      | Your scales start taking on a dull iron-grey colour.
  3919 | D:5      | Gained mutation: You can survive without breathing. [Grey Draconian growth]
  3919 | D:5      | Reached XP level 7. HP: 54/60 MP: 8/8
  4080 | D:5      | Reached skill level 5 in Fighting
  4409 | D:5      | Noticed Menkaure
  4801 | D:5      | Reached skill level 6 in Dodging
  5289 | D:6      | Noticed Edmund
  5324 | D:7      | Killed Edmund
  5324 | D:7      | Reached XP level 8. HP: 47/70 MP: 9/9
  5737 | D:6      | Found an opulent altar of Gozag.
  5744 | D:6      | Became a worshipper of Gozag Ym Sagoz the Greedy
  6041 | D:7      | Reached skill level 1 in Maces & Flails
  6128 | D:7      | Noticed a cyclops
  6139 | D:7      | Killed a cyclops
  6139 | D:7      | Reached skill level 7 in Dodging
  6202 | D:7      | Found a staircase to the Ecumenical Temple.
  6538 | D:7      | Reached skill level 8 in Dodging
  6538 | D:7      | Reached XP level 9. HP: 65/75 MP: 11/11
  6756 | D:7      | Found a shadowy altar of Dithmenos.
  6872 | D:7      | Paralysed by a wasp for 3 turns
  6877 | D:7      | Reached skill level 5 in Shields
  7297 | D:8      | Found Hoqef's Antique Weapon Shoppe.
  7304 | D:8      | Bought a jewelled morningstar for 216 gold pieces
  7304 | D:8      | Bought a polished hunting sling for 156 gold pieces
  7358 | D:8      | Identified the +10 morningstar of Balance {flame, rPois} (You bought it in a shop on level 8 of the Dungeon)
  7359 | D:8      | Identified the cursed +1 hunting sling "Imooblima" {velocity, rElec rPois} (You bought it in a shop on level 8 of the Dungeon)
  7475 | D:8      | Killed Menkaure
  7487 | D:8      | Reached skill level 9 in Dodging
  7511 | D:8      | Learned a level 2 spell: Repel Missiles
  7515 | D:8      | Learned a level 3 spell: Ozocubu's Armour
  8230 | D:9      | Noticed Monkaria's ghost (experienced DsCK)
  8244 | D:9      | Killed Monkaria's ghost
  8244 | D:9      | Reached XP level 10. HP: 80/82 MP: 13/13
  8328 | D:9      | Reached skill level 10 in Dodging
  8500 | D:9      | Found a staircase to the Lair.
  8585 | D:9      | Found a staircase to the Orcish Mines.
  8675 | D:9      | Reached skill level 5 in Maces & Flails
  8988 | Lair:1   | Entered Level 1 of the Lair of Beasts
  9801 | Lair:1   | Noticed a black mamba
  9812 | Lair:1   | Killed a black mamba
  9812 | Lair:1   | Reached skill level 11 in Dodging
 10811 | Lair:2   | Identified a scroll of acquirement
 10861 | Lair:2   | Noticed a black mamba
 10869 | Lair:2   | Killed a black mamba
 10869 | Lair:2   | Reached skill level 5 in Evocations
 10869 | Lair:2   | Reached XP level 11. HP: 88/88 MP: 14/14
 10958 | Lair:2   | Noticed a seven-headed hydra
 10973 | Lair:2   | Killed a seven-headed hydra
 12027 | Lair:3   | Found a staircase to the Swamp.
 12058 | Lair:3   | Reached skill level 12 in Dodging
 12084 | Lair:3   | Found a staircase to the Snake Pit.
 13104 | Lair:4   | Found a labyrinth entrance.
 13162 | Lab      | Entered a labyrinth
 13406 | Lab      | Noticed a minotaur
 13433 | Lab      | HP: 2/89 [minotaur (25)]
 13439 | Lab      | HP: 2/89 [minotaur (1)]
 13442 | Lab      | Killed a minotaur
 13449 | Lab      | Got a crude quarterstaff
 13449 | Lab      | Got a faintly glowing hand crossbow
 13935 | Lab      | Identified the +3 quarterstaff of Defiance {crush, -Tele rElec rPois Dex+2} (You found it in a labyrinth)
 13937 | Lab      | Identified the +7 hand crossbow of Floods {penet, +Blink rElec Int+4} (You found it in a labyrinth)
 13944 | Lab      | Identified a +3 rod of destruction (12/12) (You found it in a labyrinth)
 14135 | Lair:1   | Learned a level 2 spell: Swiftness
 14261 | Lair:4   | Reached XP level 12. HP: 95/95 MP: 16/16
 14539 | Lair:4   | Noticed a catoblepas
 14563 | Lair:4   | Killed a catoblepas
 14563 | Lair:4   | Reached skill level 13 in Dodging
 14769 | Lair:4   | Noticed a four-headed hydra
 14793 | Lair:4   | Killed a four-headed hydra
 15228 | Lair:4   | Noticed a five-headed hydra
 15237 | Lair:4   | Killed a five-headed hydra
 15426 | Lair:4   | Noticed an eight-headed hydra
 15437 | Lair:4   | Killed an eight-headed hydra
 15774 | Lair:4   | Noticed a five-headed hydra
 15781 | Lair:4   | Killed a five-headed hydra
 16177 | Lair:5   | Reached skill level 14 in Dodging
 16180 | Lair:5   | Reached skill level 10 in Shields
 16393 | Lair:5   | Noticed Nessos
 16415 | Lair:5   | Reached XP level 13. HP: 102/102 MP: 18/18
 16441 | Lair:5   | Killed Nessos
 16821 | Lair:5   | Got a bloodstained flail
 16822 | Lair:5   | Identified the +4 flail of Gacitah {venom, rC+ MR+ Str+3} (You found it on level 5 of the Lair of Beasts)
 17295 | Lair:6   | Found a frozen archway.
 17410 | IceCv    | Entered an ice cave
 19798 | Lair:7   | Reached skill level 10 in Maces & Flails
 19814 | Lair:7   | Reached skill level 15 in Dodging
 20931 | Lair:8   | Entered Level 8 of the Lair of Beasts
 20945 | Lair:8   | Reached XP level 14. HP: 108/108 MP: 20/20
 21377 | Lair:8   | Learned a level 2 spell: Cure Poison
 22544 | Lair:8   | Reached skill level 5 in Spellcasting
 22544 | Lair:8   | Reached XP level 15. HP: 115/115 MP: 20/23
 22967 | Lair:8   | Found a staircase to the Slime Pits.
 23572 | Lair:8   | Found a runed door.
 23858 | Lair:8   | Reached skill level 16 in Dodging
 24381 | Orc:1    | Entered Level 1 of the Orcish Mines
 24494 | Orc:1    | Found Rimasysso's Gadget Shoppe.
 24533 | Orc:1    | Bought a lamp of fire for 520 gold pieces
 25489 | Orc:3    | Noticed Josephine
 25502 | Orc:3    | Killed Josephine
 26093 | Orc:4    | Entered Level 4 of the Orcish Mines
 26158 | Orc:4    | Found a roughly hewn altar of Beogh.
 26229 | Orc:4    | Found a roughly hewn altar of Beogh.
 26502 | Orc:4    | Found a roughly hewn altar of Beogh.
 26572 | Orc:4    | Found a roughly hewn altar of Beogh.
 26697 | Orc:4    | Found a roughly hewn altar of Beogh.
 26781 | Orc:4    | Found a roughly hewn altar of Beogh.
 27014 | Orc:4    | Found a roughly hewn altar of Beogh.
 27052 | Orc:4    | Found a roughly hewn altar of Beogh.
 27053 | Orc:4    | Found Jota Dash's Gadget Shoppe.
 27107 | Orc:4    | Bought a wand of digging (11) for 420 gold pieces
 27186 | Orc:4    | Bought a +1 iron rod (10/10) for 1120 gold pieces
 27186 | Orc:4    | Bought a +3 lightning rod (12/12) for 1400 gold pieces
 27238 | Orc:4    | Found a staircase to the Elven Halls.
 27290 | Orc:4    | Found a roughly hewn altar of Beogh.
 27301 | Orc:4    | Found Xialacep's Assorted Antiques.
 27326 | Orc:4    | Bought a pair of glowing boots for 103 gold pieces
 27326 | Orc:4    | Bought a potion of heal wounds for 115 gold pieces
 27326 | Orc:4    | Bought 2 potions of cancellation for 368 gold pieces
 27428 | Orc:4    | Paralysed by an orc sorcerer for 2 turns
 27909 | Orc:4    | Found Qogreh's Antique Weapon Shoppe.
 27911 | Orc:4    | Found a roughly hewn altar of Beogh.
 27946 | Orc:4    | Found Fyiwobla's Antique Armour Emporium.
 27960 | Orc:4    | Bought a shimmering trident for 331 gold pieces
 27960 | Orc:4    | Identified the +9 trident "Punijino" {freeze, MR+ SInv} (You bought it in a shop on level 4 of the Orcish Mines)
 27968 | Orc:4    | Bought a transparent large shield for 266 gold pieces
 27981 | Orc:4    | Identified the cursed +0 large shield of Failure {rPois rN+ MP+9 Int-5} (You bought it in a shop on level 4 of the Orcish Mines)
 28178 | D:10     | Entered Level 10 of the Dungeon
 29619 | D:11     | Found a sacrificial altar of Ru.
 29932 | D:12     | Reached XP level 16. HP: 122/122 MP: 24/24
 30866 | D:13     | Found Vehamp's Antique Armour Shop.
 31663 | D:14     | Found a runed door.
 32171 | D:14     | Cast into the Abyss (an ogre mage)
 32290 | Abyss:5  | Entered Level 5 of the Abyss
 32315 | Abyss:5  | Found a corrupted altar of Lugonu.
 32316 | Abyss:5  | Noticed a tentacled starspawn
 32324 | Abyss:5  | Killed a tentacled starspawn
 32337 | Abyss:5  | Got an abyssal rune of Zot
 32413 | Abyss:5  | Found a corrupted altar of Lugonu.
 32457 | D:14     | Escaped the Abyss
 32482 | D:14     | Noticed Kirke
 32494 | D:14     | Killed Kirke
 32856 | Lair:1   | Upgraded the game from 0.17-a0-1123-g6d3914c to 0.17-a0-1132-g5dd4065
 33299 | D:14     | Found a gate to the Vaults.
 33314 | D:14     | Reached skill level 17 in Dodging
 33434 | D:14     | Found a runed door.
 33451 | D:14     | Found a runed door.
 33593 | D:14     | Found a runed door.
 33814 | D:15     | Entered Level 15 of the Dungeon
 33829 | D:15     | Identified Nenam's Spellweaving, Part One (You found it on level 15 of the Dungeon)
 34022 | D:15     | Found Baul Muv's Antique Weapon Boutique.
 34062 | D:15     | Noticed Azrael
 34092 | D:15     | Killed Azrael
 35420 | D:15     | Reached skill level 10 in Evocations
 35837 | D:15     | Found a staircase to the Depths.
 36197 | Vaults:1 | Entered Level 1 of the Vaults
 36352 | Vaults:1 | Found a flickering gateway to a bazaar.
 36366 | Bazaar   | Entered a bazaar
 36381 | Bazaar   | Found Ishabeuc's Gadget Shop.
 36393 | Bazaar   | Found Jiemer's Distillery.
 36401 | Bazaar   | Bought a potion of beneficial mutation for 490 gold pieces
 36401 | Bazaar   | Bought a potion of might for 56 gold pieces
 36401 | Bazaar   | Bought a potion of curing for 42 gold pieces
 36401 | Bazaar   | Bought a potion of curing for 42 gold pieces
 36401 | Bazaar   | Bought a potion of might for 56 gold pieces
 36401 | Bazaar   | Bought a potion of haste for 140 gold pieces
 36401 | Bazaar   | Bought a potion of cancellation for 112 gold pieces
 36413 | Bazaar   | Found Gozocom's Distillery.
 36421 | Bazaar   | Bought a potion of curing for 36 gold pieces
 36421 | Bazaar   | Bought 2 potions of haste for 240 gold pieces
 36421 | Bazaar   | Bought a potion of curing for 36 gold pieces
 36421 | Bazaar   | Bought a potion of invisibility for 96 gold pieces
 36421 | Bazaar   | Bought a potion of heal wounds for 60 gold pieces
 36421 | Bazaar   | Bought a potion of curing for 36 gold pieces
 36421 | Bazaar   | Bought a potion of heal wounds for 60 gold pieces
 36421 | Bazaar   | Bought a potion of heal wounds for 60 gold pieces
 36434 | Bazaar   | Found Uraluwk's Gadget Shop.
 36988 | Vaults:1 | Noticed Wiglaf
 37017 | Vaults:1 | Killed Wiglaf
 37017 | Vaults:1 | Reached XP level 17. HP: 50/128 MP: 25/25
 37125 | Vaults:1 | Paralysed by a great orb of eyes for 4 turns
 37958 | Vaults:1 | Gained mutation: You can translocate small distances at will. [potion of beneficial mutation]
 37959 | Vaults:1 | Gained mutation: You have a pair of small antennae on your head. [potion of beneficial mutation]
 39106 | Vaults:1 | Reached skill level 18 in Dodging
 40219 | Vaults:2 | Slain by a vault warden

Vault maps used:
D:1:      minmay_arrival_three_doors
D:2:      uniq_sigmund
D:3:      minitemple, hex_intersection, uniq_robin, uniq_jessica
D:4:      guppyfry_early_lair_pool, uniq_blork_the_orc
D:5:      first_bread, minmay_holes, uniq_prince_ribbit1, uniq_menkaure
D:6:      nicolae_overflow_crystal_walls, minmay_crystal_water, uniq_edmund
D:7:      lemuel_crystal_altar, minmay_temple_entry_trees
D:8:      black_bear_nest_1, serial_shops, shop
D:9:      lair_0_dummy, orc_0_dummy, hangedman_little_slice_of_home,
          minmay_misc_feat_room, mrwooster_statue_mirror,
          kennysheep_generic_room_8
D:10:     grunt_ministairs_10, kennysheep_another_room, kennysheep_small_square
D:11:     serial_bayou_pond_c, minmay_tree_intersection, st_stairs_7,
          nicolae_ru_the_path_less_chosen
D:13:     serial_shops, shop
D:14:     grunt_vaults_entry_fortified, minmay_statue_crystal_thing, uniq_kirke
D:15:     gammafunk_depths_entry_grave, hangedman_decor_peaks_small,
          serial_shops, shop, uniq_azrael
Lair:2:   serial_bayou_shore_b, grunt_megastairs_3
Lair:3:   swamp_mist_pool, dummy_snake_entry
Lair:4:   lab_entry_generic, kennysheep_basilisk_garden,
          infiniplex_staircase_pool_2
Lair:5:   beast_lair_carwin_4, lemuel_fruit_tree, uniq_nessos
Lair:6:   portal_ice_cave_entry_imps, st_stairs_10, serial_bayou_shore_b
Lair:7:   infiniplex_staircase_pool
Lair:8:   hangedman_lair_tendril_chambers, wormcave, minmay_slime_entry_pillars,
          lemuel_old_faithful
Orc:1:    serial_shops, shop_fountains
Orc:3:    nicolae_orc_pool_cavern, uniq_josephine
Orc:4:    grunt_orc_community_town_hall, grunt_orc_community_big_house_2,
          grunt_orc_community_big_house_1, grunt_orc_community_house_2,
          grunt_orc_community_house_1, grunt_orc_community_house_2,
          grunt_orc_community_house_2, grunt_orc_community_house_2,
          grunt_orc_community_house_1, basic_altar
Vaults:1: hangedman_vaults_cutoff, nicolae_vaults_asterisk, v_misc_16,
          nicolae_vaults_little_squares_3, hangedman_vaults_nails,
          nicolae_vaults_ring_of_whatevers, v_misc_9, hangedman_vaults_hat,
          hangedman_vaults_cutoff, vaults_room_corners,
          hangedman_vaults_stretched_pinwheel, vaults_room_door_ring,
          ontoclasm_vaults_pinch, vaults_dpeg_ring, serial_glass, serial_shops,
          freezing_bzr, uniq_wiglaf
Vaults:2: grunt_vaults_trifunnel, nicolae_vaults_big_ls,
          vaults_standard_mumra_x, nicolae_vaults_stairing_the_circle,
          v_alt_pattern_3, v_misc_8, vaults_room_door_ring, st_cross,
          dpeg_vaults_monster_box
Abyss:1:  hangedman_decor_lopped
Abyss:2:  hangedman_abyss_town
Abyss:3:  kb_abyss_rune_zappy
Abyss:4:  evilmike_abyss_exit_kraken, serial_sigils_hangedman_shear
Abyss:5:  hangedman_classic_abyss_death, grunt_abyss_rune_wretched_hive
Lab:      labyrinth_skeletal_remains
Bazaar:   dpeg_bazaar_wands
IceCv:    ice_cave_small_demon

Action                   |  1- 3 |  4- 6 |  7- 9 | 10-12 | 13-15 | 16-18 || total
-------------------------+-------+-------+-------+-------+-------+-------++-------
Melee: Falchion          |   105 |   255 |   126 |       |       |       ||   486
       Dagger            |       |     4 |       |       |       |       ||     4
       Whip              |       |       |   425 |   517 |       |       ||   942
       War axe           |       |       |       |    69 |   349 |   258 ||   676
       Morningstar       |       |       |       |   192 |  1184 |   821 ||  2197
       Trident           |       |       |       |       |     7 |    50 ||    57
 Fire: Hunting sling     |       |       |     4 |    16 |       |       ||    20
       Hand crossbow     |       |       |       |    18 |    36 |    12 ||    66
 Cast: Repel Missiles    |       |       |       |     1 |     1 |       ||     2
       Cure Poison       |       |       |       |       |     1 |       ||     1
Invok: Potion Petition   |       |       |       |       |       |     2 ||     2
 Abil: Evoke Teleportati |       |       |       |       |     1 |     2 ||     3
Evoke: Wand              |       |       |       |    14 |     4 |     7 ||    25
       Rod               |       |       |       |       |    13 |    13 ||    26
       Lamp of fire      |       |       |       |       |       |     3 ||     3
       Phial of floods   |       |       |       |       |       |     1 ||     1
  Use: Scroll            |       |    11 |     7 |    12 |    16 |     5 ||    51
       Potion            |       |     6 |     2 |     4 |     7 |    11 ||    30
 Stab: Sleeping          |       |     1 |     3 |     3 |     7 |     4 ||    18
       Distracted        |       |       |     3 |     2 |    16 |     8 ||    29
       Paralysed         |       |       |       |    14 |       |       ||    14
       Invisible         |       |       |       |       |     3 |     1 ||     4
  Eat: Chunk             |     2 |     7 |     6 |       |       |       ||    15
       Fruit             |       |     1 |    10 |     5 |     7 |       ||    23
       Royal jelly       |       |       |     2 |    10 |     1 |     1 ||    14
       Pizza             |       |       |     1 |     2 |     1 |       ||     4
       Beef jerky        |       |       |     1 |       |     1 |       ||     2
       Bread ration      |       |       |       |     1 |     8 |     8 ||    17
       Meat ration       |       |       |       |       |       |     1 ||     1
